 Dungeon Crawl Stone Soup version 0.29.0-11-gd7f09526c8 (webtiles) character file.

Game seed: 6531159563515849055

112 Sabo the Gusty (level 4, -1/24 HPs)
             Began as a Gargoyle Air Elementalist on Sept 3, 2022.
             Was a Follower of the Shining One.
             Slain by an orc
             ... wielding a +0 mace
              (6 damage)
             ... on level 3 of the Dungeon.
             The game lasted 00:19:27 (3701 turns).

Sabo the Gusty (Gargoyle Air Elementalist)          Turns: 3701, Time: 00:19:32

Health: -1/24      AC: 13    Str: 11    XL:     4   Next: 93%
Magic:  5/7        EV: 12    Int: 18    God:    the Shining One [*.....]
Gold:   109        SH:  0    Dex: 10    Spells: 6/7 levels left

rFire   . . .      SeeInvis .   m - +2 great mace (protect)
rCold   . . .      Faith    .   (shield currently unavailable)
rNeg    + . .      Spirit   .   a - +0 robe
rPois   ∞          Reflect  .   (no helmet)
rElec   +          Harm     .   (no cloak)
rCorr   .          Rampage  .   (no gloves)
Will    .....                   h - +0 pair of boots
Stlth   +.........              (no amulet)
HPRegen 0.08/turn               (no ring)
MPRegen 0.10/turn               (no ring)

@: under a protective aura, glowing
A: sickness immunity, AC +3, negative energy resistance 1, electricity
resistance, torment resistance 1, petrification resistance
a: Renounce Religion, Divine Shield


You were on level 3 of the Dungeon.
You worshipped the Shining One.
The Shining One was aware of your devotion.
You visited 1 branch of the dungeon, and saw 3 of its levels.

You collected 109 gold pieces.

Inventory:

Hand Weapons
 m - a +2 great mace of protection (weapon)
Missiles
 j - 6 boomerangs (quivered)
 q - 3 poisoned darts
Armour
 a - a +0 robe (worn)
 h - a +0 pair of boots (worn)
 p - a +3 leather armour
Scrolls
 c - 4 scrolls of amnesia
 e - a scroll of teleportation {unknown}
 g - a scroll of brand weapon {unknown}
 i - a scroll of immolation {unknown}
 n - a scroll of fear {unknown}
 o - a scroll of identify {unknown}
 r - a scroll of blinking {unknown}
Potions
 b - a potion of magic
 d - 2 potions of brilliance {unknown}
 f - a potion of flight {unknown}
 k - 2 potions of mutation {unknown}
 l - a potion of curing {unknown}


   Skills:
 + Level 0.7 Fighting
 + Level 1.5 Maces & Flails
 + Level 2.0 Dodging
 + Level 2.6 Stealth
 + Level 2.3 Spellcasting
 + Level 2.6 Conjurations
 + Level 2.9 Air Magic


You had 6 spell levels left.
You knew the following spells:

 Your Spells              Type           Power      Damage    Failure   Level
a - Shock                 Conj/Air       48%        1d6       5%          1

Your spell library contained the following spells:

 Spells                   Type           Power      Damage    Failure   Level
 Static Discharge         Conj/Air       12%        3-5/arc   9%          2
 Swiftness                Air            12%        N/A       16%         3
 Airstrike                Air            6%         2d(1-17)  45%         4


Dungeon Overview and Level Annotations

Branches:
Dungeon (3/15)

Altars:
Vehumet
The Shining One


Innate Abilities, Weirdness & Mutations

You are immune to sickness and miasma.
Your stone body is resilient. (AC +3)
You are immune to poison.
You resist negative energy. (rN+)
You are resistant to electric shocks. (rElec)
You are resistant to unholy torment.
You are immune to petrification.


Message History

The zap misses the orc.
The zap hits the orc priest but does no damage.
The orc priest is lightly wounded.
The zap hits the orc priest.
The orc priest is moderately wounded.
The orc shouts!
Casting: Shock (safe; 6% risk of failure)
Confirm with . or Enter, or press ? or * to list all spells.
Aiming: Shock (safe; 6% risk of failure)
Press: ? - help, Shift-Dir - straight line The zap hits the orc priest.
The orc priest is moderately wounded.
The orc closely misses you.
You bludgeon the orc!!
Your weapon exudes an aura of protection.
You kill the orc!
The orc priest invokes the aid of Beogh against you.
Beogh smites you!
* * * LOW HITPOINT WARNING * * *
You sock the orc priest!
The orc priest is almost dead.
The orc priest hits you but does no damage.
The orc priest hits you with a +0 falchion.
* * * LOW HITPOINT WARNING * * *
You barely miss the orc priest.
The orc priest is almost dead.
The orc priest hits you but does no damage.
You barely miss the orc priest.
The orc priest is almost dead.
The orc priest casts a cantrip, but nothing happens.
The orc priest begins to cast a cantrip, but forgets the words!
You barely miss the orc. The orc barely misses you. The orc misses you.
The orc barely misses you. The orc priest misses you.
You sock the orc priest!
Your weapon exudes an aura of protection.
You kill the orc priest!
The Shining One accepts your kill.
You feel better.
You feel your power returning. The orc hits you with a +0 mace.
You die...

#......# #......#
.#########......##
......(.........>#
.#########..)....###########
######............#
#..#########.# #..# #.# #o@#
#.# #o)# #.# #o.# #.# ...#
#.# #...# #.# ....# #.#
.##..# #.# .# #..#
#######.#### ...........#


You could see an orc priest and 2 orcs.

Vanquished Creatures
  An orc priest (D:3)
  2 adders
  A gnoll (D:1)
  A worm (D:2)
  3 dart slugs
  2 orcs
  3 bats
  7 endoplasms
  A giant cockroach (D:2)
  6 hobgoblins
  5 jackals
  6 ball pythons
  9 frilled lizards
  11 goblins
  5 kobolds
  7 rats
70 creatures vanquished.

Notes
Turn   | Place    | Note
-------+----------+-------------------------------------------
     0 | D:1      | Sabo the Gargoyle Air Elementalist began the quest for the
                  | Orb.
     0 | D:1      | Reached XP level 1. HP: 10/10 MP: 3/3
   445 | D:1      | Reached XP level 2. HP: 9/15 MP: 0/5
  1083 | D:1      | Reached XP level 3. HP: 13/19 MP: 1/6
  1509 | D:1      | Found a faded altar of an unknown god.
  1892 | D:1      | Prayed at the altar of an unknown god.
  1892 | D:1      | Became a worshipper of the Shining One
  1892 | D:1      | Reached * piety under the Shining One
  2164 | D:2      | Reached XP level 4. HP: 24/24 MP: 0/7
  2607 | D:2      | Reached skill level 1 in Maces & Flails
  3606 | D:3      | Found a radiant altar of Vehumet.
  3697 | D:3      | HP: 1/24 [orc priest/+0 falchion (3)]
  3701 | D:3      | Slain by an orc

Illustrated notes

Levels and vault maps discovered:
D:1:      tarquinn_simple_flora_water_a, layout_rooms,
          dilly_ecumenical_altar_fadedgnrine, nrook_mini_backslash
D:2:      minmay_wonky_spiral, layout_rooms, hex_large, minivault_14,
          minmay_cupped
D:3:      layout_basic, mainiacjoe_overflow_catwalk, chequers_jeans,
          corner_web_ring, grunt_ministairs_10, nicolae_figureground_sparkle

Skill      XL: |  1  2  3  4 |
---------------+-------------+-----
Dodging        | 2 |  2.0
Conjurations   | 2 |  2.6
Maces & Flails | 1 |  1.5
Fighting       | |  0.7
Stealth        | |  2.6
Spellcasting   | |  2.3
Air Magic      | |  2.9

Action                   |  1- 3 |  4- 6 || total
-------------------------+-------+-------++-------
Melee: Unarmed           |    15 |       ||    15
       Mace              |    22 |       ||    22
       Punch             |     1 |       ||     1
       Great mace        |    24 |    43 ||    67
 Cast: Shock             |    55 |    33 ||    88
  Use: Scroll            |       |     1 ||     1
Armor: Robe              |    31 |    25 ||    56
Dodge: Dodged            |    71 |    51 ||   122
